 Dungeon Crawl Stone Soup version 0.30-a0-359-gd0147acb1a (webtiles) character file.

Game seed: 15743740899547955830

61511 MackTheKnife the Brawler (level 14, -22/149 HPs)
             Began as a Troll Monk on Nov 12, 2022.
             Was the Champion of Fedhas.
             Annihilated by an ettin
             ... wielding a +0 dire flail
              (38 damage)
             ... on level 12 of the Dungeon.
             The game lasted 00:32:31 (17844 turns).

MackTheKnife the Brawler (Troll Monk)              Turns: 17844, Time: 00:32:32

Health: -22/149    AC: 10    Str: 26    XL:     14   Next: 60%
Magic:  14/20      EV:  8    Int: 10    God:    Fedhas [******]
Gold:   1257       SH: 27    Dex: 18    Spells: 13/13 levels left

rFire   . . .      SeeInvis .      - Unarmed
rCold   . . .      Faith    .    c - +5 tower shield
rNeg    . . .      Spirit   .    U - +0 acid dragon scales
rPois   +          Reflect  .    Q - +0 hat "Ruonlah" {Int+4}
rElec   .          Harm     .    j - scarf {repulsion}
rCorr   +          Rampage  .    (gloves unavailable)
Will    +....                    (boots unavailable)
Stlth   ++........               (no amulet)
HPRegen 1.24/turn                m - +6 ring of dexterity
MPRegen 0.17/turn                l - ring of poison resistance {rPois, !d}

@: repel missiles
A: large, unfitting armour, claws 3, regeneration 1, shaggy fur 1, tough skin 1,
iridescent scales 1, large bone plates 1, deterioration 1
a: Renounce Religion, Wall of Briars, Grow Ballistomycete, Overgrow, Grow Oklob


You were on level 12 of the Dungeon.
You worshipped Fedhas.
Fedhas was exalted by your worship.
You visited 3 branches of the dungeon, and saw 18 of its levels.
You also visited: Ossuary and Gauntlet.

You collected 1393 gold pieces.
You spent 136 gold pieces at shops.

Inventory:

Hand Weapons
 o - the +7 long sword "Wuep Jui" {freeze, SInv Stlth+}
   (You found it on level 12 of the Dungeon)

   It freezes those it strikes, dealing additional cold damage.
   It can also slow down cold-blooded creatures.
   SInv:      It lets you see invisible.
   Stlth:     It makes you more stealthy.
Missiles
 s - 3 curare-tipped darts
Armour
 c - a +5 tower shield (worn)
   (You found it on level 1 of the Dungeon)
 j - a scarf of repulsion (worn)
   (You found it on level 8 of the Dungeon)
 E - a +1 robe of willpower
   (You took it off Erica on level 10 of the Dungeon)
 G - a +0 robe
   (You took it off an orc wizard on level 12 of the Dungeon)
 Q - the +0 hat "Ruonlah" (worn) {Int+4}
   (You found it in a Gauntlet)

   Int:       It affects your intelligence (+4).
 U - +0 acid dragon scales (worn)
   (You found it on level 10 of the Dungeon)
Jewellery
 e - a ring of resist corrosion
   (You found it on level 2 of the Dungeon)
 k - a ring of protection from fire {rF+, !d}
   (You found it on level 1 of the Dungeon)
 l - a ring of poison resistance (right claw) {rPois, !d}
   (You took it off an orc on level 5 of the Dungeon)
 m - a +6 ring of dexterity (left claw)
   (You found it on level 3 of the Dungeon)
Wands
 g - a wand of iceblast (19)
   (You found it on level 8 of the Dungeon)
 h - a wand of flame (69)
   (You took it off Sigmund on level 3 of the Dungeon)
 u - a wand of digging (2)
   (You bought it in a shop on level 11 of the Dungeon)
 z - a wand of charming (44)
   (You found it on level 5 of the Dungeon)
 F - a wand of acid (13)
   (You found it on level 5 of the Dungeon)
 J - a wand of mindburst (22)
   (You found it on level 6 of the Dungeon)
Scrolls
 a - 2 scrolls of identify
 d - 4 scrolls of teleportation
 p - 2 scrolls of butterflies
 v - 5 scrolls of amnesia
 w - 2 scrolls of vulnerability {!r!r}
 y - 3 scrolls of magic mapping {!r}
 C - 2 scrolls of blinking {!r}
 I - a scroll of poison
 N - a scroll of brand weapon
Potions
 b - 2 potions of ambrosia
 f - a potion of invisibility
 n - 3 potions of attraction {!q}
 r - 3 potions of flight
 t - 7 potions of curing
 x - 2 potions of haste
 A - 3 potions of heal wounds
 B - 2 potions of magic
 D - 3 potions of brilliance
 K - 3 potions of might
 O - 3 potions of cancellation
 P - a potion of resistance
Miscellaneous
 i - a lightning rod (4/4)
   (You found it on level 5 of the Lair of Beasts)
 q - a phantom mirror
   (You found it on level 10 of the Dungeon)


   Skills:
 + Level 12.0 Fighting
 - Level 2.4 Dodging
 - Level 1.0 Stealth
 - Level 11.7 Shields
 + Level 15.3 Unarmed Combat
 - Level 10.0 Invocations


You had 13 spell levels left.
You didn't know any spells.
Your spell library contained the following spells:

 Spells                   Type           Power      Damage    Failure   Level
 Magic Dart               Conj           0%         1d3       86%         1
 Blink                    Tloc           0%         N/A       94%         2
 Call Imp                 Summ           0%         N/A       94%         2
 Cigotuvi's Dreadful Rot  Necr/Pois/Air  0%         N/A       94%         2
 Momentum Strike          Conj/Tloc      0%         3d8       94%         2
 Scorch                   Fire           0%         2d5       94%         2
 Searing Ray              Conj           0%         2d4       94%         2
 Dazzling Flash           Conj/Hex       0%         N/A       99%         3
 Lesser Beckoning         Tloc           0%         N/A       99%         3
 Mephitic Cloud           Conj/Pois/Air  0%         N/A       99%         3
 Airstrike                Air            0%         2d(0-16)  100%        4
 Flame Wave               Conj/Fire      0%         2d4       100%        4
 Fulminant Prism          Conj/Hex       0%         3d5       100%        4
 Leda's Liquefaction      Hex/Erth       0%         N/A       100%        4
 Agony                    Necr           0%         N/A       100%        5
 Lee's Rapid Deconstruct  Erth           0%         3d4*      100%        5
 Lightning Bolt           Conj/Air       0%         1d11      100%        5
 Silence                  Hex/Air        0%         N/A       100%        5
 Statue Form              Tmut/Erth      0%         N/A       100%        6
 Summon Cactus Giant      Summ           0%         N/A       100%        6


Dungeon Overview and Level Annotations

Branches:
Dungeon (12/15)            Temple (0/1) D:5            Lair (5/5) D:11
  Swamp (0/4) Lair:3        Snake (0/4) Lair:3        Slime (1/5) Lair:5
Ossuary (visited)         Gauntlet (visited)
    Orc: D:9-12

Altars:
Ashenzari
Elyvilon
Fedhas
Hepliaklqana
Kikubaaqudgha
Nemelex Xobeh
Okawaru
Ru
Sif Muna
Trog
Uskayaw
Vehumet
Wu Jian
Yredelemnul
The Shining One

Shops:
D:6 [((   D:11 *

Annotations:
Lair:4 exclusion: hydra


Innate Abilities, Weirdness & Mutations

You are too large for most types of armour.
You have claws for hands.
Your natural rate of healing is unusually fast.
You are covered in fur. (AC +1)
You have tough skin. (AC +1)
You are partially covered in iridescent scales. (AC +2)
You are partially covered in large bone plates. (SH +4)
Your body sometimes deteriorates upon taking damage.


Message History

An ettin comes into view.
It is wielding a +0 dire flail and a +2 vorpal dire flail.
The centaur barely misses you.
The centaur kicks you but does no damage.
You take 8 damage, and have 94/148 hp.
You claw one of the nine-headed hydra's heads off!
The eight-headed hydra grows two more!
You claw the ten-headed hydra!
The ten-headed hydra bites you but does no damage.
You block the ten-headed hydra's attack.
The ten-headed hydra bites you but does no damage.
The ten-headed hydra bites you.
The ten-headed hydra bites you but does no damage.
The ten-headed hydra bites you. The ten-headed hydra bites you!
You block the ten-headed hydra's attack. x2
The ten-headed hydra bites you but does no damage.
The centaur barely misses you. You block the centaur's attack.
You take 14 damage, and have 80/148 hp.
You claw one of the ten-headed hydra's heads off!
The nine-headed hydra grows two more!
You mangle the 11-headed hydra!!
You block the centaur's attack. x2; You block the 11-headed hydra's attack. x3
The 11-headed hydra closely misses you.
The 11-headed hydra bites you but does no damage.
The 11-headed hydra bites you.
The 11-headed hydra bites you but does no damage.
You block the 11-headed hydra's attack. The 11-headed hydra bites you!
The 11-headed hydra bites you.
The 11-headed hydra bites you but does no damage.
You take 13 damage, and have 67/148 hp.
You barely miss the 11-headed hydra. You block the centaur's attack. x2
The 11-headed hydra bites you. x2; You block the 11-headed hydra's attack.
The 11-headed hydra bites you. x2
The 11-headed hydra bites you but does no damage.
You block the 11-headed hydra's attack.
The 11-headed hydra bites you but does no damage. x2
The 11-headed hydra bites you. The 11-headed hydra barely misses you.
The centaur hits you.
The centaur kicks you but does no damage.
You take 12 damage, and have 55/148 hp.
You tear one of the 11-headed hydra's heads off!
The ten-headed hydra grows two more!
You mangle the 12-headed hydra!!
You kill the 12-headed hydra!
Fedhas appreciates your contribution to the ecosystem.
The centaur hits you but does no damage.
You block the centaur's attack.
Your Fighting skill increases to level 12!
You regained 2 hp, and now have 57/149 hp.
You are too injured to fight recklessly!
You barely miss the centaur.
You block the vampire mosquito's attack.
You block the centaur's attack. The centaur barely misses you.
You block the centaur's attack. x2
You see here a +0 trident.
You regained 2 hp, and now have 63/149 hp.
The centaur wields a +0 shortbow.
The centaur shoots an arrow.
You block the arrow.
You regained 2 hp, and now have 68/149 hp.
Items here: ))))) [.
You see here a +0 spear.
You regained 2 hp, and now have 73/149 hp.
You see here a +0 leather armour.
You block the vampire mosquito's attack.
The vampire mosquito attacks as you move away!
You block the vampire mosquito's attack.
You regained 2 hp, and now have 78/149 hp.
You block the vampire mosquito's attack.
You block the vampire mosquito's attack.
You eviscerate the vampire mosquito!!!
You destroy the vampire mosquito!
Fedhas accepts your kill.
You regained 2 hp, and now have 84/149 hp.
The ettin attacks as you move away! You block the ettin's attack.
The ettin hits you with a +2 vorpal dire flail!
You take 16 damage, and have 71/149 hp.
You see here a +0 war axe.
There is an open door here.
You regained 2 hp, and now have 76/149 hp.
The ettin attacks as you move away!
The ettin hits you with a +0 dire flail!
You block the ettin's attack.
You take 14 damage, and have 63/149 hp.
You fail to use your ability.
You block the ettin's attack. x2; The centaur shoots an arrow.
The arrow hits you!
You take 6 damage, and have 57/149 hp.
An oklob plant grows from the ground.
The centaur shoots an arrow.
The arrow hits your oklob plant. You block the ettin's attack.
The ettin hits you with a +2 vorpal dire flail!!
* * * LOW HITPOINT WARNING * * *
x2 You take 27 damage, and have 30/149 hp.
You now have 14/20 mp.
Unknown command.
The centaur shoots an arrow.
The arrow hits your oklob plant!
The centaur shoots an arrow.
The arrow hits your oklob plant!
Your oklob plant spits acid at the centaur.
The splash of acid hits the centaur!
The acid corrodes the centaur!
You regained 2 hp, and now have 32/149 hp.
The ettin attacks as you move away!
The ettin hits you with a +0 dire flail!
* * * LOW HITPOINT WARNING * * *
The ettin hits you with a +2 vorpal dire flail!!!
You die...
Fedhas appreciates your contribution to the ecosystem.

'### #.####.#.##.#.#.#.# ...# #.#
#.#..#.#.#.#.# ##### ...# #.#
#)##.#.#.#.#.# #...) ...#####[#
#.#<.#.#.#.#.# #...# ...c.))..#
##'#.(#.#.#.#.# ###.. ....C#####
#.......#.#.#.# #.... ...#...#
#..c....#.#.#.####.... ...###.##
#.(.PC..#'#.#.#.....## ..## #..#
#....@......#)#....... ..# ##.#
#.........).#.###..... ..### #.#
#.......))....#....#.. ..#.# #.##
#........))#..#....##.
..#.###..###..........#.....###..
..#.#.##..###......#'##.......#.#
###.#[#.........}###..###.....#.#
#.#.#.###.......###.##....####.#
#.#.### #.....<.'....#....# #.#


You could see an ettin, a centaur (distracted, corroded, ally target) and a
friendly oklob plant (summoned).

Vanquished Creatures
  An azure jelly (Lair:5)
  A minotaur (Gauntlet)
  A yaktaur captain (D:12)
  A fire dragon (Lair:5)
  A ghost crab (Gauntlet)
  3 catoblepae
  Erica (D:10)
  2 hydras
  A death knight (D:12)
  A deep troll earth mage (D:12)
  A two-headed ogre (D:10)
  16 death yaks
  Urug (D:11)
  Amaemon (D:11)
  3 lindwurms (Lair:5)
  A manticore (D:12)
  An ugly thing (D:11)
  3 cyclopes
  A salamander (shapeshifter) (D:12)
  14 elephants
  A moth of wrath (Gauntlet)
  3 black mambas (Lair:5)
  3 cane toads
  3 molten gargoyles (Lair:5)
  A torpor snail (Lair:2)
  An orange demon (D:11)
  4 gargoyles
  15 komodo dragons
  An efreet (D:12)
  2 rime drakes
  5 trolls
  Prince Ribbit (D:7)
  5 hornets
  10 blink frogs
  A dream sheep (Lair:5)
  5 slime creatures (Lair:5)
  Sigmund (D:3)
  2 wraiths
  A shadow (D:12)
  41 yaks
  4 wyverns
  8 basilisks
  A vampire mosquito (D:12)
  Menkaure (D:5)
  5 steam dragons
  3 nagas (Lair:3)
  8 water moccasins
  4 acid dragons
  Duvessa (D:6)
  8 orc warriors
  A sky beast (D:8)
  A black bear (D:4)
  An ogre (shapeshifter) (D:12)
  14 wolves
  9 centaurs
  2 ogres (D:5)
  2 phantoms
  3 kobold brigands
  8 bullfrogs
  7 scorpions
  3 gnoll sergeants
  15 wights
  Dowan (D:6)
  2 electric eels (D:11)
  A howler monkey (D:11)
  3 centaur zombies (Ossuary)
  5 lava snakes (Lair:5)
  6 jellies
  3 gnoll boudas
  6 human zombies (Ossuary)
  2 orc priests
  4 hounds
  3 iguanas
  9 orc wizards
  4 hell rats (Lair:4)
  3 scorpion zombies (Ossuary)
  4 mummies
  25 gnolls
  5 adders
  4 white imps
  An ufetubus (D:5)
  4 worms
  2 dart slugs
  46 orcs
  4 ball pythons
  8 bats
  9 endoplasms
  3 gnoll zombies (Ossuary)
  8 goblins
  6 hobgoblins
  5 jackals
  3 quokkas
  3 frilled lizards (D:2)
  3 goblin zombies (Ossuary)
  2 hobgoblin zombies (Ossuary)
  20 kobolds
  2 kobold zombies (Ossuary)
  An orc zombie (Ossuary)
  7 rats
497 creatures vanquished.

Vanquished Creatures (collateral kills)
  A hydra (Lair:5)
  An elephant (Lair:1)
  A basilisk (Lair:5)
  3 swamp worms (Lair:3)
  3 hell hounds (Lair:5)
9 creatures vanquished.

Vanquished Creatures (others)
  A cane toad (Lair:1)
  A kobold (D:9)
  3 bushes (D:11)
  41 fungi
  62 plants
  3 withered plants (Gauntlet)
111 creatures vanquished.

Grand Total: 617 creatures vanquished

Notes
Turn   | Place    | Note
-------+----------+-------------------------------------------
     0 | D:1      | MackTheKnife the Troll Monk began the quest for the Orb.
     0 | D:1      | Reached XP level 1. HP: 22/22 MP: 0/0
   179 | D:1      | Reached XP level 2. HP: 29/29 MP: 1/1
   364 | D:1      | Reached skill level 4 in Unarmed Combat
   748 | D:1      | Found a faded altar of an unknown god.
   796 | D:1      | Reached XP level 3. HP: 36/36 MP: 2/2
   910 | D:2      | Found a radiant altar of Vehumet.
  1430 | D:2      | Reached skill level 5 in Unarmed Combat
  1430 | D:2      | Reached XP level 4. HP: 42/44 MP: 3/3
  1633 | D:3      | Noticed Sigmund
  1655 | D:3      | Killed Sigmund
  1656 | D:3      | Reached skill level 6 in Unarmed Combat
  1656 | D:3      | Reached XP level 5. HP: 33/50 MP: 4/4
  1915 | D:3      | Found an ornate altar of the Wu Jian Council.
  2057 | D:3      | Found a hazy altar of Hepliaklqana.
  2057 | D:3      | Found a sparkling altar of Nemelex Xobeh.
  2059 | D:3      | Found a basalt altar of Yredelemnul.
  2254 | D:3      | Found a glowing golden altar of the Shining One.
  2257 | D:3      | Found a blossoming altar of Fedhas.
  2259 | D:3      | Found a hide-covered altar of Uskayaw.
  2259 | D:3      | Found a shimmering blue altar of Sif Muna.
  2260 | D:3      | Found a bloodstained altar of Trog.
  2261 | D:3      | Found a broken altar of Ashenzari.
  2263 | D:3      | Found a sacrificial altar of Ru.
  2281 | D:3      | Became a worshipper of Fedhas Madash
  2281 | D:3      | Reached * piety under Fedhas
  2281 | D:3      | Reached ** piety under Fedhas
  2598 | D:4      | Reached XP level 6. HP: 59/59 MP: 5/5
  2719 | D:4      | Found a sand-covered staircase.
  2725 | D:4      | Reached skill level 7 in Unarmed Combat
  2727 | Ossuary  | Entered an ossuary
  2809 | Ossuary  | Reached skill level 3 in Fighting
  2926 | Ossuary  | Reached XP level 7. HP: 67/67 MP: 6/6
  2968 | Ossuary  | Reached skill level 4 in Fighting
  2968 | Ossuary  | Reached skill level 8 in Unarmed Combat
  3026 | Ossuary  | Reached *** piety under Fedhas
  3198 | D:4      | Reached XP level 8. HP: 78/79 MP: 7/7
  3362 | D:4      | Reached skill level 5 in Fighting
  3899 | D:5      | Entered Level 5 of the Dungeon
  3923 | D:5      | HP: 16/80 [ogre/+0 giant spiked club (28)]
  3925 | D:5      | Reached skill level 9 in Unarmed Combat
  3992 | D:5      | Gained mutation: Your magical capacity is low. (-10% MP)
                  | [potion of mutation]
  3993 | D:5      | Lost mutation: Your magical capacity is low. (-10% MP)
                  | [potion of mutation]
  3993 | D:5      | Gained mutation: You are occasionally teleported next to
                  | monsters. [potion of mutation]
  3993 | D:5      | Gained mutation: You passively map a small area around you.
                  | [potion of mutation]
  4323 | D:5      | Found a transporter.
  4333 | D:5      | Found a staircase to the Ecumenical Temple.
  4333 | D:5      | Noticed Menkaure
  4338 | D:5      | Killed Menkaure
  4339 | D:5      | Reached skill level 6 in Fighting
  4496 | D:5      | Found a transporter.
  4909 | D:6      | Found Quty's Antique Armour Shoppe.
  4998 | D:6      | HP: 20/83 [orc/+0 flail (6)]
  5009 | D:6      | HP: 19/83 [white imp/puff of frost (5)]
  5120 | D:6      | Noticed Dowan
  5131 | D:6      | Killed Dowan
  5132 | D:6      | Noticed Duvessa
  5137 | D:6      | Noticed a hornet
  5143 | D:6      | HP: 10/83 [Duvessa/+0 short sword (17)]
  5144 | D:6      | Killed Duvessa
  5145 | D:6      | Reached skill level 10 in Unarmed Combat
  5145 | D:6      | Reached XP level 9. HP: 12/92 MP: 8/8
  5244 | D:6      | Reached **** piety under Fedhas
  5398 | D:6      | Reached skill level 7 in Fighting
  5447 | D:6      | Found Gesur's Antique Weapon Emporium.
  5765 | D:6      | Found Yvyphit's Weapon Boutique.
  6003 | D:7      | Found an ancient bone altar of Kikubaaqudgha.
  6014 | D:7      | Reached skill level 1 in Shields
  6016 | D:7      | Reached skill level 2 in Shields
  6050 | D:7      | Reached skill level 3 in Shields
  6145 | D:7      | Noticed Prince Ribbit
  6154 | D:7      | Killed Prince Ribbit
  6261 | D:7      | Reached skill level 4 in Shields
  6486 | D:7      | Reached skill level 5 in Shields
  6660 | D:7      | Found a white marble altar of Elyvilon.
  7039 | D:8      | Reached XP level 10. HP: 70/102 MP: 9/9
  7092 | D:8      | Reached skill level 6 in Shields
  7208 | D:8      | Reached ***** piety under Fedhas
  7858 | D:9      | Reached skill level 7 in Shields
  7916 | D:9      | Found an iron altar of Okawaru.
  8130 | D:9      | Reached skill level 8 in Shields
  8690 | D:10     | Entered Level 10 of the Dungeon
  8695 | D:10     | Noticed a two-headed ogre
  8710 | D:10     | Reached skill level 9 in Shields
  8715 | D:10     | Killed a two-headed ogre
  8774 | D:10     | Reached skill level 10 in Shields
  8836 | D:10     | Noticed Erica
  8904 | D:10     | Reached XP level 11. HP: 73/109 MP: 10/10
  9059 | D:10     | Killed Erica
  9060 | D:10     | Reached skill level 11 in Shields
  9364 | D:11     | Found a staircase to the Lair.
  9508 | D:11     | Reached ****** piety under Fedhas
  9547 | D:11     | HP: 22/109 [electric eel/bolt of electricity (16)]
  9557 | D:11     | HP: 22/109 [wyvern (6)]
  9559 | D:11     | HP: 4/109 [wyvern (8)]
  9562 | Lair:1   | Entered Level 1 of the Lair of Beasts
  9781 | Lair:1   | Reached skill level 11 in Unarmed Combat
  9921 | Lair:1   | Reached skill level 8 in Fighting
 10825 | Lair:2   | Noticed a death yak
 10826 | Lair:2   | Noticed a death yak
 10826 | Lair:2   | Noticed a death yak
 10850 | Lair:2   | Killed a death yak
 10852 | Lair:2   | Killed a death yak
 10852 | Lair:2   | Noticed a death yak
 10853 | Lair:2   | Noticed a death yak
 10857 | Lair:2   | Killed a death yak
 10858 | Lair:2   | Reached skill level 12 in Unarmed Combat
 10858 | Lair:2   | Reached XP level 12. HP: 122/122 MP: 11/11
 10859 | Lair:2   | Noticed a death yak
 10859 | Lair:2   | Noticed a death yak
 10861 | Lair:2   | Noticed a death yak
 10866 | Lair:2   | Noticed a six-headed hydra
 10868 | Lair:2   | Killed a death yak
 11104 | Lair:2   | Reached skill level 9 in Fighting
 11138 | Lair:2   | Killed a ten-headed hydra
 11160 | Lair:1   | Killed a death yak
 11247 | Lair:2   | Noticed a catoblepas
 11258 | Lair:2   | Killed a catoblepas
 11664 | Lair:2   | Killed a death yak
 11669 | Lair:2   | Killed a death yak
 11670 | Lair:2   | Reached skill level 13 in Unarmed Combat
 11696 | Lair:3   | Lost mutation: You passively map a small area around you.
                  | [potion of mutation]
 11696 | Lair:3   | Lost mutation: You are occasionally teleported next to
                  | monsters. [potion of mutation]
 11696 | Lair:3   | Gained mutation: You are partially covered in large bone
                  | plates. (SH +4) [potion of mutation]
 11696 | Lair:3   | Gained mutation: You are partially covered in iridescent
                  | scales. (AC +2) [potion of mutation]
 11696 | Lair:3   | Gained mutation: Your body sometimes deteriorates upon
                  | taking damage. [potion of mutation]
 11757 | Lair:3   | Found a staircase to the Snake Pit.
 11820 | Lair:3   | Found a staircase to the Swamp.
 12091 | Lair:3   | Reached skill level 10 in Fighting
 12511 | Lair:4   | Found a gate leading to a gauntlet.
 12517 | Gauntlet | Entered a Gauntlet
 12517 | Gauntlet | Found a transporter.
 12517 | Gauntlet | Found a transporter.
 12521 | Gauntlet | Found a transporter.
 12523 | Gauntlet | Found a transporter.
 12533 | Gauntlet | Found a transporter.
 12533 | Gauntlet | Noticed a death scarab
 12542 | Gauntlet | Noticed a catoblepas
 12547 | Gauntlet | Found a transporter.
 12558 | Gauntlet | Found a transporter.
 12558 | Gauntlet | Found a transporter.
 12560 | Gauntlet | Found a transporter.
 12560 | Gauntlet | Noticed a hell hog
 12563 | Gauntlet | Found a transporter.
 12570 | Gauntlet | Noticed a ghost crab
 12574 | Gauntlet | Found a transporter.
 12620 | Gauntlet | Found a transporter.
 12660 | Gauntlet | Found a transporter.
 12776 | Gauntlet | Found a transporter.
 12779 | Gauntlet | Noticed a catoblepas
 12795 | Gauntlet | Found a transporter.
 12806 | Gauntlet | Found a transporter.
 12970 | Gauntlet | Killed a catoblepas
 12988 | Gauntlet | Identified the +0 hat "Ruonlah" {Int+4}
 13027 | Gauntlet | Killed a ghost crab
 13036 | Gauntlet | Identified the -2 pair of boots of the Shoals {Dex+2}
 13089 | Gauntlet | Noticed a minotaur
 13117 | Gauntlet | Killed a minotaur
 13294 | Lair:4   | Reached XP level 13. HP: 118/135 MP: 12/12
 13456 | Lair:4   | Reached skill level 14 in Unarmed Combat
 13503 | Lair:4   | Reached skill level 11 in Fighting
 13967 | Lair:5   | Entered Level 5 of the Lair of Beasts
 14035 | Lair:5   | Reached skill level 1 in Invocations
 14069 | Lair:5   | Reached skill level 2 in Invocations
 14105 | Lair:5   | Found a staircase to the Slime Pits.
 14188 | Lair:5   | Reached skill level 3 in Invocations
 14252 | Lair:5   | Reached skill level 4 in Invocations
 14255 | Lair:5   | HP: 32/137 [lindwurm (6)]
 14260 | Lair:5   | HP: 20/137 [elephant (2)]
 14263 | Lair:5   | HP: 8/137 [elephant (15)]
 14291 | Lair:5   | Reached skill level 5 in Invocations
 14460 | Lair:5   | Reached skill level 6 in Invocations
 14701 | Lair:5   | Reached skill level 7 in Invocations
 14807 | Lair:5   | Reached skill level 8 in Invocations
 14954 | Lair:5   | Identified the +2 leather armour of Focus {rC- Str+9}
 15053 | Lair:5   | Reached skill level 9 in Invocations
 15124 | Lair:5   | Reached XP level 14. HP: 143/146 MP: 19/19
 15299 | Lair:5   | Found a large runed translucent door.
 15299 | Lair:5   | Found a large runed translucent door.
 15484 | Lair:5   | Reached skill level 10 in Invocations
 15648 | Lair:5   | Noticed an azure jelly
 15659 | Lair:5   | Killed an azure jelly
 15735 | Lair:5   | Identified the +2 ring mail of Givvem {rElec rN+ Dex+4}
 16208 | Slime:1  | Entered Level 1 of the Pits of Slime
 16208 | Slime:1  | Noticed a rockslime
 16211 | Slime:1  | Noticed a quicksilver ooze
 16211 | Slime:1  | Noticed an acid blob
 16350 | D:11     | HP: 35/146 [water moccasin (4)]
 16355 | D:11     | HP: 35/146 [poisoned by a water moccasin]
 16500 | D:11     | Noticed Urug
 16509 | D:11     | Killed Urug
 16564 | D:11     | Found Jatzecvi's General Store.
 16569 | D:11     | Bought a scroll of teleportation for 36 gold pieces
 16569 | D:11     | Bought a wand of digging (2) for 100 gold pieces
 16668 | D:11     | Noticed Amaemon
 16681 | D:11     | Killed Amaemon
 17379 | D:12     | Reached skill level 15 in Unarmed Combat
 17619 | D:12     | Identified the +7 long sword "Wuep Jui" {freeze, SInv
                  | Stlth+}
 17689 | D:12     | Got the Guidebook on the Wind
 17809 | D:12     | Reached skill level 12 in Fighting
 17842 | D:12     | HP: 36/149 [ettin/+0 dire flail (22)]
 17844 | D:12     | HP: 16/149 [ettin/+0 dire flail (16)]
 17844 | D:12     | Annihilated by an ettin

Illustrated notes

Levels and vault maps discovered:
D:1:      nicolae_arrival_somewhat_less_tricky_arrival, layout_loops_ring,
          ebering_ecumenical_altar_box, amcnicky_mini_pool_small
D:2:      layout_basic, basic_altar
D:3:      layout_basic, minitemple, nicolae_overflow_hidden_temple,
          kennysheep_generic_room_13, uniq_sigmund
D:4:      layout_loops_corners, gup_ossuary_entry_pyramid
D:5:      gammafunk_wand_slinger, layout_basic,
          minmay_temple_entry_statues_pillars, uniq_menkaure
D:6:      nicolae_cairo_tiling, layout_loops_ring, serial_shops,
          nicolae_shop_trees, nicolae_shop_bloodbath_and_beyond,
          kennysheep_mini, serial_glass, glass_columns_a, glass_columns_a,
          glass_columns_c, glass_columns_b, uniq_duvessa
D:7:      layout_loops_ring, marbit_many_paths,
          mainiacjoe_overflow_cross_hatched, uniq_prince_ribbit1
D:8:      layout_gridville
D:9:      layout_loops_ring, amcnicky_altar_gilded, nicolae_water_bricks,
          kennysheep_generic_room_5
D:10:     layout_cross, palyth_stone_intersect, uniq_erica
D:11:     layout_basic, minmay_lair_entry_grove, serial_shops,
          kennysheep_mini_moat, disabler_island, uniq_urug, uniq_amaemon
D:12:     minmay_chopped_fan, layout_basic, orc_0_dummy, hangedman_decor_push
Lair:1:   layout_small_grid
Lair:2:   layout_cave_pods, lemuel_fruit_tree, grunt_megastairs_4
Lair:3:   layout_loops_ring, minmay_swamp_entry_worms,
          minmay_snake_entry_guardpost_small
Lair:4:   layout_roguey, gauntlet_entry_generic, amcnicky_mini_pool_medium
Lair:5:   cheibrodos_lair_end_hotspot, layout_layer_cave, slime_entry_1,
          portal_ice_cave_entry_pillars_1, st_stairs_12,
          nicolae_lair_time_for_slime
Slime:1:  layout_caves

Skill      XL: |  1  2  3  4  5  6  7  8  9 10 11 12 13 14 |
---------------+-------------------------------------------+-----
Unarmed Combat | 4 5 6 7 8 10 12 13 14 15 | 15.3
Fighting       | 3 4 6 7 8 10 11 12 | 12.0
Shields        | 5 10 11 | 11.7
Invocations    | 9 10 | 10.0
Dodging        | |  2.4
Stealth        | |  1.0

Action                   |  1- 3 |  4- 6 |  7- 9 | 10-12 | 13-15 || total
-------------------------+-------+-------+-------+-------+-------++-------
Melee: Unarmed           |   103 |   104 |   309 |   637 |   607 ||  1760
       Punch             |     2 |     6 |    10 |       |       ||    18
Invok: Wall of Briars    |       |       |       |     1 |     1 ||     2
       Grow Oklob        |       |       |       |       |     6 ||     6
Evoke: Wand              |       |       |     1 |     1 |     2 ||     4
  Use: Potion            |       |     2 |     3 |     5 |     4 ||    14
       Scroll            |       |       |    23 |    17 |     4 ||    44
 Stab: Sleeping          |     3 |     4 |     3 |       |       ||    10
       Distracted        |       |     1 |       |     1 |     2 ||     4
       Petrified         |       |       |       |     1 |     2 ||     3
Armor: Robe              |    31 |    25 |    72 |       |       ||   128
       Skin              |       |       |     2 |       |    10 ||    12
       Steam dragon scal |       |       |       |    59 |       ||    59
       Acid dragon scale |       |       |       |    56 |   132 ||   188
Dodge: Dodged            |    40 |    43 |   111 |   113 |    95 ||   402
       Repelled          |       |       |       |     5 |     2 ||     7
Block: Tower shield      |       |       |    60 |   752 |   739 ||  1551

Table legend: (Time is in decaauts)
 A = Elapsed time spent in this place.
 B = Non-inter-level travel time spent in this place.
 C = Inter-level travel time spent in this place.
 D = Time resting spent in this place.
 E = Time spent auto-exploring this place.
 F = Levels seen in this place.
 G = Mean time per level.
                   A        B        C        D        E       F      G
               +--------+--------+--------+--------+--------+-----+--------+
         Total |  17788 |  17101 |    687 |   1672 |  11171 |  20 |  889.4 |
       Dungeon |  10671 |  10296 |    375 |    813 |   7256 |  12 |  889.2 |
          Lair |   6124 |   5813 |    311 |    778 |   3505 |   5 | 1224.8 |
    Slime Pits |      4 |      4 |      0 |      0 |      0 |   1 |    4.0 |
       Ossuary |    372 |    372 |      0 |     16 |    131 |   1 |  372.0 |
      Gauntlet |    616 |    616 |      0 |     65 |    279 |   1 |  616.0 |
               +--------+--------+--------+--------+--------+-----+--------+

Top non-repeatable levels by time:
  Lair:5: 2199 daAuts
    D:11: 1100 daAuts
  Lair:2: 1095 daAuts
  Lair:1: 1064 daAuts
     D:6: 1046 daAuts
     D:5: 970 daAuts
     D:7: 957 daAuts
     D:9: 950 daAuts
     D:4: 946 daAuts
     D:8: 941 daAuts
  Lair:4: 925 daAuts
     D:3: 923 daAuts
  Lair:3: 838 daAuts
     D:1: 833 daAuts
     D:2: 786 daAuts

Table legend:
 A = Kills in this place as a percentage of kills in entire the game.
 B = Kills by you in this place as a percentage of kills by you in the entire game.
 C = Kills by friends in this place as a percentage of kills by friends in the entire game.
 D = Other kills in this place as a percentage of other kills in the entire game.
 E = Experience gained in this place as a percentage of experience gained in the entire game.
 F = Experience gained in this place divided by the number of levels of this place that you have seen.
                   A       B       C       D       E      F
               +-------+-------+-------+-------+-------+----------------------
         Total | 100.0 | 100.0 | 100.0 |   N/A | 100.0 | 4393.7
       Dungeon |  60.3 |  61.4 |   0.0 |   N/A |  32.9 | 2409.7
          Lair |  31.6 |  30.4 | 100.0 |   N/A |  60.9 | 10699.2
       Ossuary |   6.1 |   6.2 |   0.0 |   N/A |   1.1 | 982.0
      Gauntlet |   2.0 |   2.0 |   0.0 |   N/A |   5.1 | 4480.0
               +-------+-------+-------+-------+-------+----------------------
